[ AOE2 MATCH · #478330685 ]
UnrankedHindustanis vs Maya
[ REPLAY ANALYSIS · EXTRACTED FROM THE RECORDED GAME ]
Feudal
13:04
Castle
23:26
Imperial
—
| APM avg | 39.3 |
| APM peak | 88 |
| eAPM avg | 22.0 |
| Villagers / military | 80 / 63 |
Focus
⚔️ 21.6% · 🌾 78.4%
Ghulam ×51 · Scout Cavalry ×7 · Armored Elephant ×5
Feudal
13:03
Castle
24:04
Imperial
—
| APM avg | 30.1 |
| APM peak | 110 |
| eAPM avg | 15.1 |
| Villagers / military | 63 / 81 |
Focus
⚔️ 30.0% · 🌾 70.0%
Archer ×62 · Plumed Archer ×11 · Eagle Scout ×5 · Spearman ×3
Feudal
13:26
Castle
18:56
Imperial
—
| APM avg | 36.7 |
| APM peak | 63 |
| eAPM avg | 18.0 |
| Villagers / military | 78 / 36 |
Focus
⚔️ 29.9% · 🌾 70.1%
Camel Scout ×24 · Armored Elephant ×5 · Monk ×4 · Spearman ×2 · Mangonel ×1
Feudal
11:40
Castle
21:39
Imperial
—
| APM avg | 32.6 |
| APM peak | 65 |
| eAPM avg | 13.4 |
| Villagers / military | 96 / 45 |
Focus
⚔️ 29.4% · 🌾 70.6%
Skirmisher ×29 · Knight ×6 · Battering Ram ×5 · Scout Cavalry ×5
Feudal
11:06
Castle
14:57
Imperial
—
| APM avg | 48.2 |
| APM peak | 95 |
| eAPM avg | 20.3 |
| Villagers / military | 93 / 55 |
Focus
⚔️ 29.5% · 🌾 70.5%
Mangudai ×55
Feudal
12:00
Castle
24:26
Imperial
35:40
| APM avg | 56.0 |
| APM peak | 105 |
| eAPM avg | 19.1 |
| Villagers / military | 96 / 43 |
Focus
⚔️ 27.5% · 🌾 72.5%
Conquistador ×27 · Archer ×8 · Scout Cavalry ×6 · Trebuchet (Packed) ×2
Match map
Initial resources + every placement click. Lines = walls · curves = elevation contours. ◆ gold · ⬟ stone · ● berries · ✦ relic · ◌ wall gap
Your base· Open — unwalled flank
Mancodios's base· Open — unwalled flank
El Papá's base· Open — unwalled flank
Gus Dekkers's base· Open — unwalled flank
Murits's base· Open — 9t gap
Leonardo's base· Open — unwalled flank
Smoothed initial terrain · ◌ = detected wall gap · hover for details
Inputs per minute
— TBD | peralta - - Mancodios
Build order — TBD | peralta
First 150 of 236 actions detected
| 0:30 | Build | Town Center |
| 2:46 | Create | Villager (Male) |
| 2:47 | Create | Villager (Male) |
| 2:47 | Create | Villager (Male) |
| 2:47 | Create | Villager (Male) |
| 2:47 | Create | Villager (Male) |
| 3:26 | Create | Villager (Male) |
| 3:26 | Create | Villager (Male) |
| 3:37 | Build | House |
| 3:40 | Research | Loom |
| 3:42 | Create | Villager (Male) |
| 3:42 | Create | Villager (Male) |
| 3:43 | Create | Villager (Male) |
| 3:43 | Create | Villager (Male) |
| 4:06 | Create | Villager (Male) |
| 4:35 | Create | Villager (Male) |
| 4:58 | Create | Villager (Male) |
| 4:58 | Create | Villager (Male) |
| 5:16 | Build | Lumber Camp |
| 6:18 | Build | House |
| 6:29 | Create | Villager (Male) |
| 6:30 | Create | Villager (Male) |
| 6:30 | Create | Villager (Male) |
| 6:30 | Create | Villager (Male) |
| 6:43 | Create | Villager (Male) |
| 6:43 | Create | Villager (Male) |
| 7:30 | Create | Villager (Male) |
| 7:31 | Create | Villager (Male) |
| 7:31 | Create | Villager (Male) |
| 7:31 | Create | Villager (Male) |
| 7:58 | Build | House |
| 8:00 | Create | Villager (Male) |
| 8:00 | Create | Villager (Male) |
| 8:25 | Create | Villager (Male) |
| 9:14 | Build | House |
| 9:36 | Create | Villager (Male) |
| 10:08 | Build | Mill |
| 10:54 | Research | Feudal Age |
| 11:50 | Build | Barracks |
| 12:26 | Build | House |
| 13:04 | Age | Feudal Age |
| 13:05 | Create | Villager (Male) |
| 13:05 | Create | Villager (Male) |
| 13:06 | Research | Double-Bit Axe |
| 13:09 | Build | Stable |
| 13:29 | Create | Villager (Male) |
| 13:40 | Build | House |
| 13:49 | Create | Villager (Male) |
| 14:04 | Research | Horse Collar |
| 14:08 | Create | Scout Cavalry |
| 14:08 | Create | Scout Cavalry |
| 14:08 | Create | Scout Cavalry |
| 14:26 | Build | Farm |
| 14:29 | Build | Farm |
| 14:32 | Build | Farm |
| 14:46 | Build | Farm |
| 14:47 | Create | Villager (Male) |
| 14:56 | Build | Farm |
| 15:08 | Create | Villager (Male) |
| 15:10 | Create | Scout Cavalry |
| 15:19 | Build | Farm |
| 15:21 | Create | Villager (Male) |
| 15:42 | Create | Villager (Male) |
| 15:45 | Build | Farm |
| 16:00 | Build | Blacksmith |
| 16:00 | Create | Villager (Male) |
| 16:01 | Create | Scout Cavalry |
| 16:13 | Build | Farm |
| 16:25 | Create | Scout Cavalry |
| 16:32 | Build | House |
| 16:36 | Build | Farm |
| 17:02 | Build | Farm |
| 17:13 | Create | Scout Cavalry |
| 17:26 | Create | Villager (Male) |
| 17:38 | Create | Villager (Male) |
| 17:49 | Create | Villager (Male) |
| 17:56 | Build | House |
| 18:02 | Build | Mining Camp |
| 18:04 | Create | Villager (Male) |
| 18:33 | Create | Villager (Male) |
| 18:37 | Create | Villager (Male) |
| 19:09 | Create | Villager (Male) |
| 19:31 | Create | Villager (Male) |
| 19:55 | Build | Farm |
| 20:01 | Build | Farm |
| 20:22 | Research | Castle Age |
| 20:22 | Research | Castle Age |
| 20:53 | Build | Market |
| 21:26 | Build | Stable |
| 21:34 | Build | House |
| 21:39 | Research | Scale Mail Armor |
| 22:04 | Research | Forging |
| 22:05 | Research | Forging |
| 22:09 | Build | House |
| 23:10 | Build | House |
| 23:26 | Age | Castle Age |
| 23:31 | Build | Castle |
| 23:36 | Create | Villager (Male) |
| 23:45 | Create | Villager (Male) |
| 23:48 | Research | Scale Barding Armor |
| 23:50 | Research | Scale Barding Armor |
| 23:51 | Research | Chain Mail Armor |
| 23:51 | Research | Chain Mail Armor |
| 24:02 | Research | Bow Saw |
| 24:04 | Research | Heavy Plow |
| 24:25 | Create | Villager (Male) |
| 24:31 | Research | Iron Casting |
| 24:31 | Research | Iron Casting |
| 25:14 | Research | Squires |
| 25:15 | Research | Squires |
| 25:27 | Build | Town Center |
| 25:28 | Create | Ghulam |
| 25:28 | Create | Ghulam |
| 25:28 | Create | Ghulam |
| 25:32 | Build | House |
| 25:42 | Create | Ghulam |
| 25:56 | Create | Ghulam |
| 26:04 | Build | Farm |
| 26:12 | Research | Wheelbarrow |
| 26:12 | Research | Wheelbarrow |
| 26:16 | Create | Ghulam |
| 26:17 | Create | Ghulam |
| 26:26 | Create | Ghulam |
| 26:40 | Build | Town Center |
| 26:45 | Create | Ghulam |
| 26:45 | Create | Ghulam |
| 27:14 | Build | Siege Workshop |
| 27:15 | Create | Villager (Male) |
| 27:15 | Create | Villager (Male) |
| 27:20 | Build | Siege Workshop |
| 27:24 | Create | Ghulam |
| 27:29 | Create | Villager (Male) |
| 27:36 | Build | Farm |
| 27:36 | Build | Farm |
| 27:36 | Build | Farm |
| 27:43 | Build | Farm |
| 27:46 | Create | Villager (Male) |
| 27:55 | Create | Armored Elephant |
| 28:02 | Create | Villager (Male) |
| 28:02 | Create | Villager (Male) |
| 28:26 | Research | Fletching |
| 28:27 | Research | Fletching |
| 28:35 | Create | Armored Elephant |
| 29:07 | Create | Villager (Male) |
| 29:27 | Create | Ghulam |
| 29:27 | Create | Ghulam |
| 29:27 | Create | Ghulam |
| 29:31 | Create | Armored Elephant |
| 29:42 | Build | Lumber Camp |
| 30:08 | Create | Armored Elephant |
Build order — Mancodios
First 150 of 178 actions detected
| 1:21 | Build | Town Center |
| 3:18 | Create | Villager (Male) |
| 3:18 | Create | Villager (Male) |
| 3:18 | Create | Villager (Male) |
| 3:19 | Create | Villager (Male) |
| 3:24 | Build | House |
| 3:24 | Build | House |
| 3:27 | Research | Loom |
| 3:47 | Create | Villager (Male) |
| 3:48 | Create | Villager (Male) |
| 3:48 | Create | Villager (Male) |
| 3:48 | Create | Villager (Male) |
| 4:09 | Create | Villager (Male) |
| 4:09 | Create | Villager (Male) |
| 4:21 | Build | House |
| 5:07 | Create | Villager (Male) |
| 5:07 | Create | Villager (Male) |
| 5:08 | Create | Villager (Male) |
| 5:12 | Build | Lumber Camp |
| 5:14 | Create | Villager (Male) |
| 5:14 | Create | Villager (Male) |
| 5:43 | Create | Villager (Male) |
| 5:43 | Create | Villager (Male) |
| 6:34 | Create | Villager (Male) |
| 6:34 | Create | Villager (Male) |
| 6:35 | Create | Villager (Male) |
| 6:48 | Create | Villager (Male) |
| 6:49 | Create | Villager (Male) |
| 7:12 | Create | Villager (Male) |
| 7:12 | Create | Villager (Male) |
| 7:59 | Create | Villager (Male) |
| 7:59 | Create | Villager (Male) |
| 7:59 | Create | Villager (Male) |
| 8:00 | Create | Villager (Male) |
| 8:00 | Create | Villager (Male) |
| 8:18 | Create | Villager (Male) |
| 8:19 | Create | Villager (Male) |
| 8:31 | Create | Villager (Male) |
| 8:32 | Create | Villager (Male) |
| 8:32 | Create | Villager (Male) |
| 9:01 | Create | Villager (Male) |
| 10:23 | Build | Barracks |
| 10:34 | Build | Mill |
| 10:53 | Research | Feudal Age |
| 10:53 | Research | Feudal Age |
| 10:58 | Build | House |
| 10:59 | Build | House |
| 11:08 | Build | Mining Camp |
| 11:46 | Build | House |
| 13:03 | Age | Feudal Age |
| 13:07 | Build | Archery Range |
| 13:11 | Create | Villager (Male) |
| 13:12 | Create | Villager (Male) |
| 13:12 | Create | Villager (Male) |
| 13:12 | Create | Villager (Male) |
| 13:30 | Build | Blacksmith |
| 13:32 | Build | Palisade Wall |
| 13:41 | Create | Villager (Male) |
| 13:41 | Create | Villager (Male) |
| 13:48 | Create | Archer |
| 13:49 | Create | Archer |
| 13:49 | Create | Archer |
| 14:25 | Research | Fletching |
| 14:26 | Research | Fletching |
| 14:26 | Research | Fletching |
| 14:32 | Create | Archer |
| 14:32 | Create | Archer |
| 14:46 | Research | Padded Archer Armor |
| 15:12 | Build | Archery Range |
| 15:17 | Create | Villager (Male) |
| 15:24 | Create | Villager (Male) |
| 15:33 | Create | Archer |
| 15:42 | Create | Archer |
| 15:44 | Create | Archer |
| 15:44 | Create | Archer |
| 16:06 | Research | Double-Bit Axe |
| 16:06 | Research | Double-Bit Axe |
| 16:57 | Create | Villager (Male) |
| 17:28 | Create | Villager (Male) |
| 17:59 | Build | Market |
| 18:10 | Create | Spearman |
| 18:10 | Create | Spearman |
| 18:10 | Create | Spearman |
| 18:28 | Build | House |
| 18:29 | Build | House |
| 18:35 | Build | House |
| 18:58 | Build | House |
| 19:08 | Build | House |
| 19:10 | Build | House |
| 19:25 | Build | Palisade Wall |
| 20:21 | Build | Palisade Wall |
| 20:50 | Build | Mining Camp |
| 21:24 | Research | Castle Age |
| 21:24 | Research | Castle Age |
| 21:31 | Build | Mining Camp |
| 21:37 | Build | Farm |
| 22:00 | Create | Archer ×5 |
| 22:05 | Create | Archer ×5 |
| 22:05 | Create | Archer ×5 |
| 22:05 | Create | Archer ×5 |
| 22:24 | Build | Archery Range |
| 22:39 | Research | Scale Mail Armor |
| 23:23 | Create | Archer |
| 23:23 | Create | Archer |
| 23:24 | Create | Archer |
| 23:24 | Create | Archer |
| 23:25 | Create | Archer |
| 23:27 | Create | Archer |
| 23:29 | Create | Archer |
| 23:31 | Create | Archer |
| 23:32 | Create | Archer |
| 23:57 | Create | Archer |
| 24:04 | Age | Castle Age |
| 24:10 | Research | Crossbowman (upgrade) |
| 24:26 | Research | Bodkin Arrow |
| 24:26 | Research | Bodkin Arrow |
| 25:01 | Create | Archer ×2 |
| 25:01 | Create | Archer ×2 |
| 25:02 | Create | Archer ×2 |
| 25:33 | Create | Villager (Male) |
| 25:34 | Create | Villager (Male) |
| 25:53 | Create | Archer ×2 |
| 25:53 | Create | Archer ×2 |
| 25:54 | Create | Archer ×2 |
| 26:29 | Build | Castle |
| 26:51 | Build | Castle |
| 27:12 | Create | Villager (Male) |
| 27:12 | Create | Villager (Male) |
| 27:31 | Create | Archer ×5 |
| 27:31 | Create | Archer ×5 |
| 27:32 | Create | Archer |
| 27:40 | Build | Farm |
| 27:40 | Build | Farm |
| 27:40 | Build | Farm |
| 27:40 | Build | Farm |
| 27:41 | Build | Farm |
| 27:41 | Build | Farm |
| 27:41 | Build | Farm |
| 27:42 | Build | Farm |
| 27:54 | Create | Villager (Male) |
| 27:54 | Create | Villager (Male) |
| 28:28 | Build | Mining Camp |
| 28:46 | Create | Plumed Archer |
| 28:46 | Create | Plumed Archer |
| 28:47 | Create | Villager (Male) |
| 28:47 | Create | Villager (Male) |
| 29:02 | Create | Plumed Archer |
| 29:02 | Create | Plumed Archer |
| 30:01 | Create | Villager (Male) |
| 30:02 | Create | Villager (Male) |
Build order — El Papá
First 150 of 193 actions detected
| 0:57 | Build | Town Center |
| 2:31 | Build | House |
| 3:09 | Create | Villager (Male) |
| 3:09 | Create | Villager (Male) |
| 3:09 | Create | Villager (Male) |
| 3:09 | Create | Villager (Male) |
| 4:47 | Build | Lumber Camp |
| 4:53 | Create | Villager (Male) |
| 4:53 | Create | Villager (Male) |
| 4:54 | Create | Villager (Male) |
| 5:16 | Create | Villager (Male) |
| 5:25 | Build | House |
| 5:32 | Build | House |
| 5:39 | Build | House |
| 6:06 | Create | Villager (Male) |
| 6:15 | Research | Loom |
| 6:16 | Create | Villager (Male) |
| 6:16 | Create | Villager (Male) |
| 6:45 | Create | Villager (Male) |
| 6:45 | Create | Villager (Male) |
| 7:09 | Build | Mill |
| 7:23 | Build | House |
| 8:13 | Create | Villager (Male) |
| 8:34 | Create | Villager (Male) |
| 8:34 | Create | Villager (Male) |
| 9:26 | Build | Palisade Gate |
| 9:33 | Create | Villager (Male) |
| 9:46 | Create | Villager (Male) |
| 9:52 | Build | House |
| 10:19 | Create | Villager (Male) |
| 10:42 | Create | Villager (Male) |
| 11:13 | Research | Feudal Age |
| 11:23 | Build | House |
| 11:24 | Build | Palisade Wall |
| 11:27 | Build | Palisade Wall |
| 11:35 | Build | Palisade Wall |
| 11:40 | Create | Villager (Male) |
| 12:01 | Build | Mining Camp |
| 12:13 | Create | Villager (Male) |
| 13:19 | Create | Villager (Male) |
| 13:26 | Age | Feudal Age |
| 13:27 | Build | Barracks |
| 13:48 | Research | Double-Bit Axe |
| 14:16 | Build | Palisade Wall |
| 14:19 | Build | Palisade Wall |
| 14:20 | Build | Palisade Wall |
| 14:34 | Create | Spearman |
| 14:57 | Create | Spearman |
| 15:14 | Build | Stable |
| 15:19 | Create | Villager (Male) |
| 15:19 | Create | Villager (Male) |
| 15:50 | Build | Blacksmith |
| 16:16 | Research | Castle Age |
| 16:45 | Create | Camel Scout |
| 17:21 | Build | Watch Tower |
| 17:31 | Create | Camel Scout |
| 18:23 | Create | Camel Scout |
| 18:56 | Age | Castle Age |
| 19:11 | Create | Villager (Male) |
| 19:12 | Create | Villager (Male) |
| 19:53 | Build | Town Center |
| 20:04 | Create | Villager (Male) |
| 20:17 | Create | Villager (Male) |
| 20:17 | Create | Villager (Male) |
| 20:37 | Build | House |
| 21:02 | Research | Scale Barding Armor |
| 21:21 | Create | Villager (Male) |
| 21:22 | Create | Villager (Male) |
| 21:22 | Create | Villager (Male) |
| 21:49 | Create | Camel Scout |
| 22:19 | Research | Horse Collar |
| 22:30 | Build | Monastery |
| 22:36 | Build | Farm |
| 22:36 | Create | Villager (Male) |
| 22:37 | Create | Villager (Male) |
| 22:37 | Create | Villager (Male) |
| 22:40 | Build | Farm |
| 22:41 | Build | Farm |
| 22:42 | Build | Farm |
| 22:45 | Create | Villager (Male) |
| 22:46 | Create | Villager (Male) |
| 23:02 | Create | Monk |
| 23:22 | Create | Camel Scout |
| 23:55 | Create | Villager (Male) |
| 23:55 | Create | Villager (Male) |
| 23:55 | Create | Villager (Male) |
| 24:09 | Build | House |
| 24:18 | Create | Camel Scout |
| 24:30 | Build | House |
| 25:25 | Create | Camel Scout |
| 25:25 | Create | Camel Scout |
| 25:43 | Create | Villager (Male) |
| 26:02 | Build | Castle |
| 26:15 | Research | Bloodlines |
| 26:18 | Create | Villager (Male) |
| 26:18 | Create | Villager (Male) |
| 26:19 | Create | Villager (Male) |
| 26:28 | Build | Town Center |
| 27:03 | Build | Town Center |
| 27:14 | Create | Villager (Male) |
| 27:14 | Create | Villager (Male) |
| 27:14 | Create | Villager (Male) |
| 27:15 | Create | Villager (Male) |
| 27:16 | Build | Farm |
| 27:19 | Build | Farm |
| 27:20 | Build | Farm |
| 28:01 | Build | Siege Workshop |
| 28:04 | Create | Villager (Male) |
| 28:04 | Create | Villager (Male) |
| 28:04 | Create | Villager (Male) |
| 28:29 | Create | Camel Scout |
| 28:29 | Create | Camel Scout |
| 28:48 | Build | Stable |
| 28:58 | Create | Villager (Male) |
| 28:58 | Create | Villager (Male) |
| 29:27 | Create | Camel Scout |
| 29:38 | Build | Farm |
| 29:39 | Build | Farm |
| 29:39 | Build | Farm |
| 29:39 | Build | Farm |
| 29:39 | Build | Farm |
| 29:40 | Build | Farm |
| 29:40 | Build | Farm |
| 29:40 | Build | Farm |
| 29:45 | Create | Villager (Male) |
| 29:45 | Create | Villager (Male) |
| 30:06 | Create | Monk |
| 30:10 | Create | Villager (Male) |
| 30:48 | Create | Villager (Male) |
| 30:48 | Create | Villager (Male) |
| 30:48 | Create | Villager (Male) |
| 30:54 | Build | Farm |
| 30:59 | Build | Farm |
| 31:15 | Create | Camel Scout |
| 31:16 | Create | Camel Scout |
| 31:16 | Create | Camel Scout |
| 31:16 | Create | Camel Scout |
| 31:21 | Create | Monk |
| 31:23 | Create | Monk |
| 31:26 | Build | Farm |
| 31:28 | Build | Farm |
| 31:29 | Create | Villager (Male) |
| 31:29 | Create | Villager (Male) |
| 31:30 | Create | Villager (Male) |
| 32:00 | Research | Husbandry |
| 32:11 | Build | Market |
| 32:14 | Create | Villager (Male) |
| 32:14 | Create | Villager (Male) |
| 32:32 | Create | Camel Scout |
| 32:32 | Create | Camel Scout |
Build order — Gus Dekkers
First 150 of 176 actions detected
| 0:49 | Build | Town Center |
| 2:49 | Create | Villager (Male) |
| 2:49 | Create | Villager (Male) |
| 2:50 | Build | House |
| 3:30 | Create | Villager (Male) |
| 3:30 | Create | Villager (Male) |
| 4:14 | Create | Villager (Male) |
| 4:15 | Create | Villager (Male) |
| 4:15 | Create | Villager (Male) |
| 4:30 | Build | Lumber Camp |
| 4:50 | Create | Villager (Male) |
| 5:08 | Create | Villager (Male) |
| 5:11 | Research | Loom |
| 5:15 | Build | House |
| 5:28 | Create | Villager (Male) |
| 5:28 | Create | Villager (Male) |
| 5:46 | Create | Villager (Male) |
| 6:24 | Create | Villager (Male) |
| 7:14 | Build | Mill |
| 7:18 | Create | Villager (Male) |
| 7:24 | Research | Loom |
| 7:27 | Build | House |
| 7:39 | Create | Villager (Male) |
| 7:39 | Create | Villager (Male) |
| 8:42 | Create | Villager (Male) |
| 8:42 | Create | Villager (Male) |
| 9:30 | Research | Feudal Age |
| 10:08 | Build | Barracks |
| 10:59 | Build | House |
| 11:02 | Build | Palisade Wall |
| 11:27 | Create | Villager (Male) |
| 11:40 | Age | Feudal Age |
| 11:43 | Create | Villager (Male) |
| 11:48 | Build | Stable |
| 11:58 | Build | House |
| 12:02 | Build | Palisade Wall |
| 12:02 | Build | Palisade Wall |
| 12:09 | Build | Blacksmith |
| 12:18 | Create | Scout Cavalry |
| 12:24 | Create | Scout Cavalry |
| 12:29 | Create | Villager (Male) |
| 12:43 | Build | Mill |
| 12:50 | Create | Villager (Male) |
| 12:52 | Research | Scale Barding Armor |
| 12:57 | Research | Forging |
| 13:00 | Create | Scout Cavalry |
| 13:15 | Create | Villager (Male) |
| 13:45 | Create | Villager (Male) |
| 13:48 | Build | House |
| 13:49 | Build | House |
| 13:54 | Create | Scout Cavalry |
| 14:01 | Build | Mining Camp |
| 14:03 | Create | Villager (Male) |
| 14:19 | Create | Villager (Male) |
| 14:43 | Create | Scout Cavalry |
| 14:56 | Create | Villager (Male) |
| 15:04 | Create | Villager (Male) |
| 15:35 | Create | Villager (Male) |
| 15:42 | Build | Mill |
| 15:51 | Create | Villager (Male) |
| 16:06 | Research | Double-Bit Axe |
| 16:21 | Create | Villager (Male) |
| 16:34 | Create | Villager (Male) |
| 16:42 | Build | House |
| 16:43 | Build | House |
| 16:54 | Research | Bloodlines |
| 16:54 | Research | Bloodlines |
| 17:14 | Create | Villager (Male) |
| 17:15 | Create | Villager (Male) |
| 17:22 | Build | Market |
| 17:33 | Create | Villager (Male) |
| 17:52 | Create | Villager (Male) |
| 17:59 | Create | Villager (Male) |
| 18:34 | Create | Villager (Male) |
| 18:52 | Create | Villager (Male) |
| 19:13 | Research | Castle Age |
| 19:41 | Research | Gold Mining |
| 19:43 | Research | Horse Collar |
| 19:43 | Research | Horse Collar |
| 20:29 | Build | Stable |
| 21:17 | Build | Stable |
| 21:39 | Age | Castle Age |
| 21:41 | Build | Town Center |
| 22:07 | Build | Town Center |
| 22:20 | Create | Knight |
| 22:22 | Create | Villager (Male) |
| 22:23 | Create | Villager (Male) |
| 22:45 | Research | Husbandry |
| 22:47 | Research | Iron Casting |
| 22:48 | Research | Iron Casting |
| 22:57 | Create | Villager (Male) |
| 23:31 | Create | Knight ×3 |
| 23:42 | Build | House |
| 23:44 | Build | House |
| 23:46 | Build | House |
| 23:49 | Build | House |
| 23:52 | Build | House |
| 23:54 | Create | Knight ×2 |
| 24:18 | Create | Villager (Male) |
| 24:57 | Build | Archery Range |
| 25:02 | Build | Archery Range |
| 25:10 | Create | Villager (Male) ×2 |
| 25:12 | Build | Farm |
| 25:44 | Build | Town Center |
| 25:59 | Build | Farm |
| 26:06 | Create | Villager (Male) |
| 26:09 | Create | Villager (Male) ×2 |
| 26:27 | Build | Mill |
| 26:30 | Create | Villager (Male) |
| 26:33 | Create | Villager (Male) ×2 |
| 26:53 | Create | Villager (Male) ×2 |
| 27:09 | Create | Villager (Male) ×2 |
| 27:12 | Research | Elite Skirmisher (upgrade) |
| 27:32 | Create | Villager (Male) ×3 |
| 27:49 | Create | Villager (Male) ×2 |
| 28:16 | Create | Villager (Male) ×4 |
| 28:33 | Create | Villager (Male) ×3 |
| 29:02 | Create | Villager (Male) ×3 |
| 29:04 | Build | Farm |
| 29:24 | Build | House |
| 29:25 | Build | House |
| 29:25 | Build | House |
| 29:39 | Create | Villager (Male) ×4 |
| 29:42 | Build | House |
| 29:43 | Build | House |
| 29:44 | Build | House |
| 29:44 | Build | House |
| 29:44 | Build | House |
| 29:56 | Create | Skirmisher ×3 |
| 30:20 | Create | Skirmisher ×5 |
| 30:31 | Build | University |
| 30:46 | Create | Skirmisher ×5 |
| 31:02 | Build | Castle |
| 31:06 | Build | House |
| 31:39 | Research | Ballistics |
| 32:03 | Build | Siege Workshop |
| 32:07 | Build | Siege Workshop |
| 32:15 | Build | Mining Camp |
| 32:23 | Create | Villager (Male) ×5 |
| 32:30 | Create | Villager (Male) |
| 32:42 | Build | Mill |
| 32:49 | Build | Farm |
| 32:49 | Build | Farm |
| 32:49 | Build | Farm |
| 32:50 | Build | Farm |
| 32:50 | Build | Farm |
| 32:50 | Build | Farm |
| 32:50 | Build | Farm |
| 32:50 | Build | Farm |
| 32:51 | Build | Farm |
Build order — Murits
First 150 of 228 actions detected
| 0:17 | Build | Town Center |
| 0:21 | Build | House |
| 2:41 | Create | Villager (Male) |
| 2:41 | Create | Villager (Male) |
| 2:42 | Create | Villager (Male) |
| 2:42 | Create | Villager (Male) |
| 2:42 | Create | Villager (Male) |
| 3:09 | Build | House |
| 3:54 | Create | Villager (Male) |
| 3:54 | Create | Villager (Male) |
| 4:14 | Create | Villager (Male) |
| 4:14 | Create | Villager (Male) |
| 4:41 | Build | House |
| 4:50 | Create | Villager (Male) |
| 4:50 | Create | Villager (Male) |
| 5:04 | Build | House |
| 5:16 | Build | House |
| 5:27 | Create | Villager (Male) |
| 5:28 | Create | Villager (Male) |
| 5:34 | Build | House |
| 5:43 | Create | Villager (Male) |
| 5:43 | Create | Villager (Male) |
| 5:49 | Build | House |
| 6:12 | Create | Villager (Male) |
| 6:28 | Build | Lumber Camp |
| 6:47 | Build | House |
| 7:41 | Create | Villager (Male) |
| 8:02 | Create | Villager (Male) |
| 8:18 | Create | Villager (Male) |
| 8:21 | Build | Mill |
| 8:54 | Research | Feudal Age |
| 9:29 | Create | Villager (Male) |
| 10:01 | Build | House |
| 10:10 | Create | Villager (Male) |
| 10:11 | Build | House |
| 10:46 | Build | Barracks |
| 11:06 | Age | Feudal Age |
| 11:11 | Build | Market |
| 11:24 | Build | Blacksmith |
| 12:17 | Research | Castle Age |
| 12:44 | Build | Mining Camp |
| 13:10 | Research | Double-Bit Axe |
| 14:03 | Research | Loom |
| 14:12 | Research | Stone Mining |
| 14:44 | Build | Palisade Wall |
| 14:46 | Build | Palisade Wall |
| 14:48 | Build | Palisade Wall |
| 14:50 | Build | Palisade Wall |
| 14:50 | Build | Palisade Wall |
| 14:57 | Age | Castle Age |
| 15:02 | Create | Villager (Male) |
| 15:08 | Build | House |
| 15:18 | Build | Palisade Wall |
| 15:37 | Build | Palisade Wall |
| 15:40 | Build | Palisade Wall |
| 15:47 | Create | Villager (Male) |
| 16:30 | Build | Castle |
| 16:40 | Build | Castle |
| 16:46 | Create | Villager (Male) |
| 16:59 | Build | Farm |
| 16:59 | Build | Farm |
| 17:00 | Build | Farm |
| 17:53 | Build | Palisade Wall |
| 17:56 | Build | Palisade Wall |
| 17:57 | Build | Palisade Wall |
| 18:06 | Build | Farm |
| 18:09 | Create | Villager (Male) |
| 18:19 | Build | Farm |
| 18:41 | Build | Farm |
| 18:51 | Build | Farm |
| 19:03 | Create | Villager (Male) |
| 19:24 | Build | Palisade Wall |
| 19:25 | Build | Palisade Wall |
| 19:27 | Build | Palisade Wall |
| 19:29 | Build | Palisade Wall |
| 19:35 | Create | Villager (Male) |
| 19:36 | Create | Villager (Male) |
| 19:38 | Build | Farm |
| 19:42 | Build | Farm |
| 19:52 | Build | Farm |
| 20:07 | Create | Villager (Male) |
| 20:10 | Build | Farm |
| 20:35 | Create | Villager (Male) |
| 20:45 | Create | Villager (Male) |
| 21:09 | Build | Mining Camp |
| 21:09 | Create | Villager (Male) |
| 21:14 | Build | Mining Camp |
| 21:26 | Create | Villager (Male) |
| 21:38 | Create | Villager (Male) |
| 22:02 | Build | Mining Camp |
| 22:04 | Create | Villager (Male) |
| 22:18 | Build | Castle |
| 22:24 | Build | Mill |
| 22:26 | Create | Mangudai |
| 22:31 | Create | Villager (Male) |
| 22:57 | Create | Mangudai |
| 23:04 | Create | Villager (Male) |
| 23:28 | Create | Mangudai |
| 23:29 | Create | Villager (Male) |
| 23:45 | Create | Mangudai |
| 23:46 | Create | Villager (Male) |
| 23:58 | Create | Villager (Male) |
| 24:01 | Build | Farm |
| 24:10 | Create | Mangudai |
| 24:15 | Create | Villager (Male) |
| 24:26 | Create | Villager (Male) |
| 24:34 | Create | Mangudai |
| 24:34 | Create | Mangudai |
| 24:38 | Create | Villager (Male) |
| 24:47 | Create | Mangudai |
| 24:47 | Create | Mangudai |
| 24:49 | Create | Villager (Male) |
| 25:00 | Create | Villager (Male) |
| 25:01 | Create | Villager (Male) |
| 25:11 | Research | Bow Saw |
| 25:11 | Research | Bow Saw |
| 25:15 | Create | Mangudai |
| 25:16 | Create | Mangudai |
| 25:19 | Create | Villager (Male) |
| 25:24 | Create | Villager (Male) |
| 25:32 | Research | Fletching |
| 25:48 | Create | Mangudai |
| 25:51 | Research | Gold Mining |
| 26:12 | Create | Villager (Male) |
| 26:19 | Create | Mangudai |
| 26:22 | Create | Mangudai |
| 26:23 | Create | Mangudai |
| 26:48 | Create | Villager (Male) |
| 26:52 | Create | Mangudai |
| 27:03 | Create | Mangudai |
| 27:10 | Research | Bodkin Arrow |
| 27:13 | Create | Villager (Male) |
| 27:16 | Create | Mangudai |
| 27:34 | Create | Mangudai |
| 27:35 | Create | Villager (Male) |
| 27:41 | Create | Villager (Male) |
| 27:50 | Create | Villager (Male) |
| 27:50 | Create | Villager (Male) |
| 27:56 | Create | Mangudai |
| 28:10 | Create | Villager (Male) |
| 28:14 | Create | Mangudai |
| 28:14 | Create | Mangudai |
| 28:17 | Create | Villager (Male) |
| 28:28 | Create | Villager (Male) |
| 28:29 | Research | Loom |
| 28:31 | Create | Mangudai |
| 28:31 | Create | Mangudai |
| 28:32 | Research | Town Watch |
| 28:35 | Research | Loom |
| 28:39 | Create | Mangudai |
Build order — Leonardo
First 150 of 243 actions detected
| 0:56 | Build | Town Center |
| 3:06 | Create | Villager (Male) |
| 3:07 | Create | Villager (Male) |
| 3:08 | Build | House |
| 3:16 | Create | Villager (Male) |
| 3:16 | Create | Villager (Male) |
| 3:46 | Build | House |
| 3:53 | Build | House |
| 4:45 | Create | Villager (Male) |
| 4:45 | Create | Villager (Male) |
| 5:01 | Create | Villager (Male) |
| 5:01 | Create | Villager (Male) |
| 5:20 | Build | House |
| 5:23 | Build | Lumber Camp |
| 5:34 | Create | Villager (Male) |
| 5:34 | Create | Villager (Male) |
| 5:46 | Create | Villager (Male) |
| 6:21 | Create | Villager (Male) |
| 6:21 | Create | Villager (Male) |
| 6:34 | Build | House |
| 6:49 | Create | Villager (Male) |
| 6:49 | Create | Villager (Male) |
| 6:50 | Create | Villager (Male) |
| 6:50 | Create | Villager (Male) |
| 6:59 | Build | Palisade Wall |
| 7:20 | Create | Villager (Male) |
| 7:20 | Create | Villager (Male) |
| 7:32 | Build | Palisade Wall |
| 7:53 | Create | Villager (Male) |
| 8:24 | Build | Mill |
| 8:27 | Create | Villager (Male) |
| 8:56 | Create | Villager (Male) |
| 9:13 | Create | Villager (Male) |
| 9:16 | Research | Loom |
| 9:50 | Research | Feudal Age |
| 10:17 | Build | Barracks |
| 10:56 | Build | House |
| 11:01 | Create | Villager (Male) |
| 11:03 | Build | House |
| 11:11 | Build | House |
| 11:18 | Build | House |
| 11:27 | Create | Villager (Male) |
| 12:00 | Age | Feudal Age |
| 12:04 | Build | Stable |
| 12:06 | Create | Villager (Male) |
| 12:27 | Research | Double-Bit Axe |
| 12:36 | Create | Scout Cavalry |
| 12:36 | Create | Scout Cavalry |
| 12:46 | Create | Villager (Male) |
| 13:11 | Create | Scout Cavalry |
| 13:29 | Build | Blacksmith |
| 13:32 | Create | Scout Cavalry |
| 13:34 | Build | House |
| 13:37 | Create | Villager (Male) |
| 14:00 | Build | House |
| 14:07 | Create | Scout Cavalry |
| 14:16 | Create | Scout Cavalry |
| 14:16 | Create | Villager (Male) |
| 14:32 | Research | Forging |
| 14:33 | Research | Forging |
| 15:01 | Create | Villager (Male) |
| 15:15 | Build | Archery Range |
| 15:18 | Create | Villager (Male) |
| 15:18 | Create | Villager (Male) |
| 15:21 | Build | Mining Camp |
| 15:29 | Build | Farm |
| 15:39 | Create | Archer |
| 15:39 | Create | Archer |
| 15:47 | Build | Farm |
| 15:48 | Create | Villager (Male) |
| 16:01 | Create | Villager (Male) |
| 16:08 | Build | House |
| 16:21 | Create | Villager (Male) |
| 16:22 | Build | Farm |
| 16:38 | Create | Archer |
| 16:40 | Build | House |
| 16:47 | Create | Archer |
| 16:49 | Build | Farm |
| 17:11 | Create | Archer |
| 17:12 | Create | Archer |
| 17:16 | Research | Fletching |
| 17:16 | Research | Fletching |
| 17:19 | Build | Farm |
| 17:57 | Create | Archer |
| 17:57 | Create | Villager (Male) |
| 17:57 | Create | Villager (Male) |
| 18:02 | Create | Villager (Male) |
| 18:03 | Create | Villager (Male) |
| 18:04 | Build | Farm |
| 18:13 | Create | Villager (Male) |
| 18:25 | Create | Villager (Male) |
| 18:32 | Create | Villager (Male) |
| 18:32 | Create | Villager (Male) |
| 18:37 | Create | Archer |
| 18:37 | Create | Villager (Male) |
| 18:37 | Create | Villager (Male) |
| 19:00 | Create | Villager (Male) |
| 19:00 | Create | Villager (Male) |
| 19:09 | Create | Villager (Male) |
| 19:26 | Build | Farm |
| 19:28 | Build | Farm |
| 19:33 | Build | Farm |
| 19:44 | Research | Town Watch |
| 19:47 | Build | Farm |
| 20:03 | Build | House |
| 20:08 | Build | Mining Camp |
| 20:44 | Create | Villager (Male) |
| 20:58 | Build | Farm |
| 21:26 | Build | Farm |
| 21:27 | Build | Farm |
| 21:46 | Research | Castle Age |
| 21:46 | Research | Castle Age |
| 22:47 | Build | Market |
| 22:51 | Build | House |
| 22:55 | Research | Horse Collar |
| 23:16 | Research | Padded Archer Armor |
| 23:22 | Research | Bloodlines |
| 23:31 | Build | House |
| 23:31 | Build | House |
| 24:21 | Build | House |
| 24:24 | Build | House |
| 24:26 | Age | Castle Age |
| 24:30 | Create | Villager (Male) |
| 24:30 | Create | Villager (Male) |
| 24:35 | Build | Castle |
| 24:42 | Create | Villager (Male) |
| 25:40 | Build | Town Center |
| 25:43 | Create | Villager (Male) |
| 25:44 | Create | Conquistador |
| 25:44 | Create | Conquistador |
| 26:10 | Build | House |
| 26:12 | Build | Stone Wall |
| 26:13 | Build | Stone Wall |
| 26:27 | Create | Conquistador |
| 26:49 | Create | Villager (Male) |
| 26:50 | Create | Villager (Male) |
| 26:55 | Create | Villager (Male) |
| 27:05 | Build | Stone Wall |
| 27:13 | Build | Stone Wall |
| 27:21 | Create | Conquistador |
| 27:21 | Create | Conquistador |
| 27:25 | Create | Villager (Male) |
| 27:25 | Create | Villager (Male) |
| 27:31 | Build | Town Center |
| 27:32 | Create | Villager (Male) |
| 27:32 | Create | Villager (Male) |
| 27:38 | Build | House |
| 27:40 | Build | House |
| 27:42 | Build | House |
| 27:44 | Build | Palisade Wall |
Match timeline
| 6:59 | Leonardo · wall_segment Palisade Wall x2 |
| 7:32 | Leonardo · wall_segment Palisade Wall x7 |
| 10:08 | Gus Dekkers · first_building Barracks |
| 10:17 | Leonardo · first_building Barracks |
| 10:23 | Mancodios · first_building Barracks |
| 10:46 | Murits · first_building Barracks |
| 11:02 | Gus Dekkers · wall_segment Palisade Wall x1 |
| 11:06 | Murits · age_up feudal |
| 11:24 | El Papá · wall_segment Palisade Wall x1 |
| 11:27 | El Papá · wall_segment Palisade Wall x1 |
| 11:35 | El Papá · wall_segment Palisade Wall x1 |
| 11:40 | Gus Dekkers · age_up feudal |
| 11:48 | Gus Dekkers · first_building Stable |
| 11:50 | TBD | peralta · first_building Barracks |
| 11:57 | Murits · first_market_sell 100 food |
| 12:00 | Leonardo · age_up feudal |
| 12:02 | Gus Dekkers · wall_segment Palisade Wall x1 |
| 12:02 | Gus Dekkers · wall_segment Palisade Wall x1 |
| 12:04 | Leonardo · first_building Stable |
| 13:03 | Mancodios · age_up feudal |
| 13:04 | TBD | peralta · age_up feudal |
| 13:07 | Mancodios · first_building Archery Range |
| 13:09 | TBD | peralta · first_building Stable |
| 13:26 | El Papá · age_up feudal |
| 13:27 | El Papá · first_building Barracks |
| 13:32 | Mancodios · wall_segment Palisade Wall x1 |
| 14:16 | El Papá · wall_segment Palisade Wall x1 |
| 14:19 | El Papá · wall_segment Palisade Wall x1 |
| 14:20 | El Papá · wall_segment Palisade Wall x1 |
| 14:40 | Murits · first_market_buy 100 stone |
| 14:44 | Murits · wall_segment Palisade Wall x1 |
| 14:46 | Murits · wall_segment Palisade Wall x1 |
| 14:48 | Murits · wall_segment Palisade Wall x1 |
| 14:50 | Murits · wall_segment Palisade Wall x1 |
| 14:50 | Murits · wall_segment Palisade Wall x1 |
| 14:57 | Murits · age_up castle |
| 15:14 | El Papá · first_building Stable |
| 15:15 | Leonardo · first_building Archery Range |
| 15:18 | Murits · wall_segment Palisade Wall x1 |
| 15:37 | Murits · wall_segment Palisade Wall x1 |
| 15:40 | Murits · wall_segment Palisade Wall x1 |
| 16:30 | Murits · first_building Castle |
| 17:53 | Murits · wall_segment Palisade Wall x1 |
| 17:56 | Murits · wall_segment Palisade Wall x1 |
| 17:57 | Murits · wall_segment Palisade Wall x1 |
| 18:18 | Gus Dekkers · first_market_sell 100 wood |
| 18:19 | Gus Dekkers · first_market_buy 100 food |
| 18:56 | El Papá · age_up castle |
| 19:24 | Murits · wall_segment Palisade Wall x1 |
| 19:25 | Mancodios · wall_segment Palisade Wall x3 |
| 19:25 | Murits · wall_segment Palisade Wall x1 |
| 19:27 | Murits · wall_segment Palisade Wall x1 |
| 19:29 | Murits · wall_segment Palisade Wall x1 |
| 20:21 | Mancodios · wall_segment Palisade Wall x1 |
| 21:23 | Mancodios · first_market_buy 100 food |
| 21:39 | Gus Dekkers · age_up castle |
| 22:30 | El Papá · first_building Monastery |
| 23:26 | TBD | peralta · age_up castle |
| 23:31 | TBD | peralta · first_building Castle |
| 24:04 | Mancodios · age_up castle |
| 24:14 | Leonardo · first_market_buy 100 stone |
| 24:15 | Mancodios · first_market_sell 100 wood |
| 24:26 | Leonardo · age_up castle |
| 24:35 | Leonardo · first_building Castle |
| 24:57 | Gus Dekkers · first_building Archery Range |
| 26:02 | El Papá · first_building Castle |
| 26:12 | Leonardo · wall_segment Stone Wall x2 |
| 26:13 | Leonardo · wall_segment Stone Wall x5 |
| 26:29 | Mancodios · first_building Castle |
| 27:05 | Leonardo · wall_segment Stone Wall x5 |
| 27:13 | Leonardo · wall_segment Stone Wall x1 |
| 27:14 | TBD | peralta · first_building Siege Workshop |
| 27:44 | Leonardo · wall_segment Palisade Wall x1 |
| 28:01 | El Papá · first_building Siege Workshop |
| 28:16 | TBD | peralta · first_market_sell 100 wood |
| 28:17 | TBD | peralta · first_market_buy 100 food |
| 31:02 | Gus Dekkers · first_building Castle |
| 31:19 | Leonardo · first_market_sell 100 stone |
| 32:03 | Gus Dekkers · first_building Siege Workshop |
| 33:00 | Mancodios · wall_segment Stone Wall x1 |
| 33:34 | Mancodios · wall_segment Stone Wall x1 |
| 34:35 | El Papá · first_market_buy 100 food |
| 34:51 | Leonardo · wall_segment Palisade Wall x1 |
| 34:53 | Leonardo · wall_segment Palisade Wall x1 |
| 35:32 | Leonardo · wall_segment Palisade Wall x1 |
| 35:40 | Leonardo · age_up imperial |
| 36:41 | Leonardo · wall_segment Palisade Wall x1 |
| 37:55 | Leonardo · resign |
[ AI ANALYSIS · 1 CREDIT ]
What really happened in this match?
Wolo.gg analyzes every decision: build order, eco, micro, common mistakes by bracket. Personalized analysis on WhatsApp or Discord in 30 seconds.
Civ guide
Hindustanis
Perfil
Jugador #5371905